 Dungeon Crawl Stone Soup version 0.27.1-35-g4d5d836560 (webtiles) character file.

Game seed: 9711131054626296326

3231 Delamore the Slicer (level 9, -2/60 HPs)
             Began as an Octopode Brigand on May 21, 2022.
             Was an Initiate of Gozag.
             Slain by a gnoll sergeant (9 damage)
             ... on level 8 of the Dungeon.
             The game lasted 00:07:30 (9073 turns).

Delamore the Slicer (Octopode Brigand)              Turns: 9073, Time: 00:07:31

Health: -2/60      AC:  1    Str: 10    XL:     9   Next: 98%
Magic:  9/9        EV: 19    Int: 13    God:    Gozag
Gold:   571        SH:  0    Dex: 17    Spells: 8/8 levels left

rFire    . . .     SeeInvis .   y - +5 short sword (freeze)
rCold    . . .     Faith    .   (no shield)
rNeg     . . .     Spirit   .   (helmet restricted)
rPois    .         Reflect  .   (no amulet)
rElec    .         Harm     .   C - +4 ring of evasion
rCorr    .         Rampage  .   (no ring)
Will     .....                  (no ring)
Stlth    ++++......             (no ring)
HPRegen  0.20/turn              (no ring)
MPRegen  0.11/turn              (no ring)
                                (no ring)
                                (no ring)

@: no status effects
A: almost no armour, amphibious, 8 rings, camouflage 1, gelatinous body 1,
(nimble swimmer 1), tentacles
a: Renounce Religion, Potion Petition, Call Merchant, Bribe Branch


You were on level 8 of the Dungeon.
You worshipped Gozag.
Gozag was pleased with you.
You visited 2 branches of the dungeon, and saw 9 of its levels.

You collected 728 gold pieces.
You spent 28 gold pieces at shops.
You paid 129 gold pieces to Gozag.

Inventory:

Hand Weapons
 a - a +2 dagger
 t - a +0 rapier
 y - a +5 short sword of freezing (weapon)
 z - a +1 dagger of venom
Missiles
 b - 49 poisoned darts (quivered)
 e - 7 silver boomerangs
 f - 296 stones
 l - 2 boomerangs
Jewellery
 C - a +4 ring of evasion (left tentacle)
Wands
 h - a wand of charming (7)
 n - a wand of paralysis (3)
Scrolls
 g - a scroll of magic mapping
 i - 2 scrolls of immolation
 m - 4 scrolls of teleportation
 o - 3 scrolls of amnesia
 r - a scroll of enchant weapon
 s - 3 scrolls of fog
 v - 2 scrolls of fear
 x - 4 scrolls of noise
 B - a scroll of blinking
Potions
 d - a potion of degeneration {unknown}
 j - 2 potions of lignification
 k - 2 potions of curing
 p - a potion of haste {unknown}
 q - a potion of resistance {unknown}
 u - 2 potions of flight {unknown}
 w - a potion of berserk rage {unknown}


   Skills:
 + Level 4.8 Fighting
 - Level 10.0 Short Blades
 - Level 6.0 Throwing
 + Level 4.4 Dodging
 - Level 5.3 Stealth
 + Level 4.6 Evocations


You had 8 spell levels left.
You didn't know any spells.
Your spell library contained the following spells:

 Spells                   Type           Power      Damage    Failure   Level
 Beastly Appendage        Tmut           0%         N/A       30%         1
 Slow                     Hex            0%         N/A       43%         2
 Wereblood                Tmut           0%         N/A       43%         2
 Confusing Touch          Hex            0%         N/A       67%         3
 Dazzling Flash           Conj/Hex       0%         N/A       67%         3
 Gell's Gravitas          Tloc           0%         N/A       67%         3
 Lesser Beckoning         Tloc           0%         N/A       67%         3
 Spider Form              Tmut/Pois      0%         N/A       67%         3
 Teleport Other           Tloc           0%         N/A       67%         3
 Vampiric Draining        Necr           0%         2d6       67%         3
 Agony                    Necr           0%         N/A       100%        5
 Silence                  Hex/Air        0%         N/A       100%        5
 Summon Forest            Summ/Tloc      0%         N/A       100%        5
 Eringya's Noxious Bog    Tmut/Pois      0%         N/A       100%        6
 Summon Hydra             Summ           0%         N/A       100%        7


Dungeon Overview and Level Annotations

Branches:
Dungeon (8/15)             Temple (1/1) D:6
   Lair: D:8-11

Altars:
Ashenzari
Cheibriados
Fedhas
Gozag
Hepliaklqana
Nemelex Xobeh
Qazlal
Ru
Uskayaw
Vehumet
Wu Jian
Xom
The Shining One

Shops:
D:7 **

Annotations:
D:2 1 runed translucent door, Crazy Yiuf
D:8 Pikel


Innate Abilities, Weirdness & Mutations

You cannot wear most types of armour.
You are amphibious.
You can wear up to eight rings at the same time.
Your skin changes colour to match your surroundings (Stealth+).
Your rubbery body absorbs attacks. (AC +1, EV +1)
((You are camouflaged near water. (Stealth+)))
You have tentacles for arms and can constrict up to eight enemies at once.


Message History

You hit the gnoll sergeant. You freeze the gnoll sergeant.
You squeeze the gnoll sergeant.
The gnoll sergeant is moderately wounded.
You constrict the gnoll sergeant, but do no damage.
The gnoll sergeant blocks your attack.
The gnoll sergeant is moderately wounded.
You constrict the gnoll sergeant. The gnoll sergeant barely misses you.
You hit the gnoll sergeant. You freeze the gnoll sergeant.
The gnoll sergeant is heavily wounded.
You constrict the gnoll sergeant. You hit the gnoll sergeant.
You freeze the gnoll sergeant. You squeeze the gnoll sergeant.
You kill the gnoll sergeant!
The gnoll sergeant hits you from afar with a +0 spear.
You hit the jelly. You freeze the jelly.
Your tentacles burn!
The jelly is lightly wounded.
The jelly completely misses you.
You puncture the jelly! You freeze the jelly.
Your tentacles burn!
The jelly is almost dead.
The gnoll sergeant misses you. The jelly hits you.
You are splashed with acid.
* * * LOW HITPOINT WARNING * * *
Items here: $ ) [[.
You puncture the jelly! You freeze the jelly.
You kill the jelly!
The gnoll is distracted by your dazzling golden aura.
The gnoll sergeant hits you from afar with a +0 spear!
* * * LOW HITPOINT WARNING * * *
Throw: dart (curare)
Press: ? - help, Q - select action, (/) - cycle Shift-Dir - straight line, f - gnoll sergeant
Aim: a gnoll sergeant, wielding a +0 spear and wearing a +0 ring mail (72% to hit)
You throw a curare-tipped dart.
The curare-tipped dart closely misses the gnoll sergeant.
Throw: 50 darts (poison)
Press: ? - help, Q - select action, (/) - cycle Shift-Dir - straight line, f/p - gnoll sergeant
Aim: a gnoll sergeant, wielding a +0 spear and wearing a +0 ring mail (72% to hit)
You throw a poisoned dart.
The poisoned dart barely misses the gnoll sergeant.
The gnoll sergeant hits you from afar with a +0 spear!
You die...
Your body crumbles into a pile of gold.

..:..#++#........#
#........##...## #.
####$$....## #..#. #..
#..'......+ #...
#..##..'.$....+ #....
#...####..$...## #.....
#....##.....$..##......
#......g$#++#.........
#.......## ##@.......
##......## ##........
####....####g........
##....##..........
##.....(.........
########...##...
##....... #....## ...##


You could see a gnoll sergeant.

Vanquished Creatures
  Grinder (D:3)
  Sigmund (D:5)
  2 sky beasts
  A black bear (D:4)
  4 ice beasts
  2 necrophages
  An ogre (D:6)
  2 centaurs
  A kobold brigand (D:7)
  A bullfrog (D:5)
  2 scorpions
  A gnoll sergeant (D:8)
  A wyvern zombie (D:7)
  3 wights (D:6)
  A howler monkey (D:5)
  4 centaur zombies
  4 jellies
  3 hounds
  A centaur skeleton (D:7)
  A gnoll shaman (D:8)
  4 iguanas
  Jessica (D:3)
  2 bullfrog skeletons (D:6)
  3 orc wizards (D:7)
  Ijyb (D:3)
  2 killer bee zombies
  12 gnolls
  8 adders
  A white imp (D:8)
  An ufetubus (D:5)
  2 dart slugs
  16 orcs
  7 endoplasms
  2 giant cockroaches (D:3)
  2 goblins
  4 hobgoblins
  8 jackals
  10 kobolds
  5 quokkas
  7 ball pythons
  8 bats
  4 frilled lizards
  3 rats
150 creatures vanquished.

Vanquished Creatures (others)
  A bush (D:6)
1 creature vanquished.

Grand Total: 151 creatures vanquished

Notes
Turn   | Place    | Note
-------+----------+-------------------------------------------
     0 | D:1      | Delamore the Octopode Brigand began the quest for the Orb.
     0 | D:1      | Reached XP level 1. HP: 14/14 MP: 1/1
   179 | D:1      | Reached XP level 2. HP: 19/19 MP: 2/2
  1081 | D:2      | Noticed a scorpion
  1085 | D:2      | Killed a scorpion
  1086 | D:2      | Reached skill level 3 in Short Blades
  1086 | D:2      | Reached XP level 3. HP: 24/24 MP: 3/3
  1086 | D:2      | Reached XP level 4. HP: 29/29 MP: 4/4
  1208 | D:2      | Reached skill level 4 in Short Blades
  1621 | D:2      | Found a runed translucent door.
  1622 | D:2      | Noticed Crazy Yiuf
  1758 | D:2      | Reached XP level 5. HP: 22/34 MP: 5/5
  2360 | D:3      | Noticed Jessica
  2368 | D:3      | Killed Jessica
  2450 | D:3      | Noticed Ijyb
  2456 | D:3      | Killed Ijyb
  2456 | D:3      | Noticed Grinder
  2458 | D:3      | Paralysed by Grinder for 2 turns
  2468 | D:3      | Killed Grinder
  2469 | D:3      | Reached skill level 5 in Short Blades
  2469 | D:3      | Reached XP level 6. HP: 14/39 MP: 6/6
  2769 | D:3      | Found a sacrificial altar of Ru.
  2835 | D:3      | Reached skill level 6 in Short Blades
  3009 | D:3      | Found a faded altar of an unknown god.
  3270 | D:3      | Reached XP level 7. HP: 45/45 MP: 7/7
  3585 | D:4      | HP: 2/45 [black bear (4)]
  4407 | D:5      | Entered Level 5 of the Dungeon
  4595 | D:5      | Reached skill level 7 in Short Blades
  4595 | D:5      | Reached skill level 5 in Throwing
  4851 | D:5      | Found a radiant altar of Vehumet.
  4927 | D:5      | Reached XP level 8. HP: 50/50 MP: 8/8
  5233 | D:5      | Noticed Sigmund
  5240 | D:5      | Killed Sigmund
  5266 | D:5      | Reached skill level 8 in Short Blades
  5535 | D:5      | Found a stormy altar of Qazlal.
  6125 | D:6      | Reached skill level 9 in Short Blades
  6125 | D:6      | Reached XP level 9. HP: 50/54 MP: 9/9
  6233 | D:6      | Reached skill level 10 in Short Blades
  6243 | D:6      | Reached skill level 1 in Evocations
  6488 | D:6      | Found a staircase to the Ecumenical Temple.
  6503 | Temple   | Entered the Ecumenical Temple
  6562 | Temple   | Became a worshipper of Gozag Ym Sagoz the Greedy
  7652 | D:7      | Found Zurrir's General Store.
  7654 | D:7      | Found Soriu's Specific Store.
  8348 | D:7      | Bought a scroll of identify for 28 gold pieces
  8861 | D:8      | Noticed Pikel
  9073 | D:8      | Slain by a gnoll sergeant

Illustrated notes

Levels and vault maps discovered:
D:1:      dpeg_arrival_refuge, layout_loops_corners, st_stairs_10,
          grunt_decor_fettered, skrybe_limestone_x
D:2:      layout_basic, uniq_crazy_yiuf_cottage
D:3:      layout_basic, mainiacjoe_overflow_catwalk,
          shapermc_ecumenical_altar_mp_urbaneastern, minmay_strange_pillars,
          grunt_ministairs_11, uniq_ijyb, uniq_jessica, uniq_grinder
D:4:      layout_basic, hex_medium
D:5:      layout_basic, mainiacjoe_overflow_24_doors, old_standard_altar,
          uniq_sigmund
D:6:      layout_basic, minmay_temple_entry_glassed_door,
          kb_lookout_dungeons_type
D:7:      layout_loops_ring, nicolae_specific_store, minmay_misc_feat_diagonals
D:8:      layout_cave_pools, serial_gnoll_camp, gnoll_camp_huts_basic,
          gnoll_camp_mini_hut, gnoll_camp_medium_01, gnoll_camp_mini_doghouse,
          uniq_pikel
Temple:   zaba_magenta_temple

Skill      XL: |  1  2  3  4  5  6  7  8  9 |
---------------+----------------------------+-----
Short Blades   | 3 4 5 6 7 9 10 | 10.0
Throwing       | 3 4 5 6 |  6.0
Evocations     | 4 |  4.6
Dodging        | 4 |  4.4
Fighting       | 4 |  4.8
Stealth        | |  5.3

Action                   |  1- 3 |  4- 6 |  7- 9 || total
-------------------------+-------+-------+-------++-------
Melee: Dagger            |    26 |    72 |   106 ||   204
       Constrict         |     5 |    13 |    43 ||    61
       Tentacles         |     1 |     9 |    56 ||    66
       Short sword       |       |       |   128 ||   128
Throw: Dart              |     1 |       |    18 ||    19
       Stone             |       |    29 |     9 ||    38
       Boomerang         |       |     1 |    15 ||    16
Evoke: Wand              |       |     7 |     4 ||    11
  Use: Scroll            |       |     3 |     8 ||    11
 Stab: Sleeping          |     6 |    11 |    24 ||    41
       Paralysed         |       |       |     2 ||     2
       Distracted        |       |       |     2 ||     2
Armor: Skin              |     4 |     4 |     9 ||    17
Dodge: Dodged            |    14 |    40 |   124 ||   178
